 Dungeon Crawl Stone Soup version 0.25.0-9-g26727b657a (webtiles) character file.

Game seed: 685468731040242666

1586 Lanoc the Insei (level 8, -6/67 HPs)
             Began as a Yellow Draconian Transmuter on June 18, 2020.
             Mangled by an orc warrior
             ... wielding a +0 trident
              (15 damage)
             ... on level 6 of the Dungeon.
             The game lasted 00:14:03 (7898 turns).

Lanoc the Insei (Yellow Draconian Transmuter)       Turns: 7898, Time: 00:14:04

Health: -6/67      AC:  7    Str: 13    XL:     8   Next: 61%
Magic:  4/11       EV: 14    Int: 14    God:
Gold:   137        SH:  5    Dex: 13    Spells: 5/11 levels left

rFire    . . .     SeeInvis +     - Unarmed
rCold    . . .     Gourm    .   (no shield)
rNeg     . . .     Faith    .   (armour unavailable)
rPois    .         Spirit   .   (helmet restricted)
rElec    .         Reflect  +   (no cloak)
rCorr    +         Harm     .   b - +0 pair of gloves
MR       .....                  (boots currently unavailable)
Stlth    +.........             h - amulet of reflection
HPRegen  0.21/turn              y - ring of see invisible
MPRegen  0.12/turn              (no ring)

@: appendage
A: spit acid, unfitting armour, talons 3, cold-blooded, acid resistance, AC +6
a: Breathe Acid, End Transformation


You were on level 6 of the Dungeon.
You were not hungry.
You had grown temporary talons.
You visited 1 branch of the dungeon, and saw 6 of its levels.
You also visited: Sewer.

You collected 319 gold pieces.
You spent 182 gold pieces at shops.

Inventory:

Missiles
 a - 22 arrows
Armour
 b - a +0 pair of gloves (worn)
Jewellery
 h - an amulet of reflection (around neck)
 y - a ring of see invisible (left hand)
Wands
 j - a wand of polymorph (9)
 m - a wand of digging (6)
 x - a wand of random effects (16)
 B - a wand of iceblast (2)
Scrolls
 d - 8 scrolls of identify
 e - 2 scrolls of remove curse {unknown}
 f - 3 scrolls of enchant weapon {unknown}
 g - 4 scrolls of immolation {unknown}
 l - 2 scrolls of random uselessness {unknown}
 n - 2 scrolls of enchant armour {unknown}
 o - 2 scrolls of teleportation {unknown}
 q - 3 scrolls of magic mapping {unknown}
 v - a scroll of blinking {unknown}
 w - a scroll of amnesia {unknown}
Potions
 i - a potion of lignification
 k - 2 potions of stabbing
 p - 2 potions of haste
 r - a potion of might
 s - a potion of magic
 t - 5 potions of heal wounds
 u - 2 potions of curing
 z - a potion of ambrosia
 A - a potion of flight {unknown}
Comestibles
 c - 12 rations
 C - 3 chunks of flesh


   Skills:
 + Level 4.9 Fighting
 + Level 4.3 Dodging
 * Level 6.9 Unarmed Combat
 - Level 2.0 Spellcasting
 * Level 6.5 Transmutations


You had 5 spell levels left.
You knew the following spells:

 Your Spells              Type           Power        Failure   Level  Hunger
a - Beastly Appendage     Tmut           ###...       1%          1    ##.....
b - Sticks to Snakes      Tmut           ###.....     2%          2    ###....
c - Spider Form           Tmut/Pois      ##........   19%         3    ####...

Your spell library contained the following spells:

 Spells                   Type           Power        Failure   Level  Hunger
 Animate Skeleton         Necr           N/A          24%         1    ##.....
 Pain                     Necr           #...         24%         1    ##.....
 Blade Hands              Tmut           ###.......   41%         5    ######.
 Ice Form                 Ice/Tmut       ##......     52%         4    #####..
 Vampiric Draining        Necr           #.........   56%         3    ####...
 Animate Dead             Necr           N/A          93%         4    #####..
 Agony                    Necr           #.......     100%        5    ######.


Dungeon Overview and Level Annotations

Branches:
Dungeon (6/15)              Sewer (visited)
 Temple: D:4-7

Altars:
Qazlal

Shops:
D:5 !

Annotations:
D:3 2 transporters, MisterFreud's ghost, amateur GrMo


Innate Abilities, Weirdness & Mutations

You can spit globs of acid.
Your golden yellow scales are hard. (AC +6)
You cannot fit into any form of body armour.
You are cold-blooded and may be slowed by cold attacks.
You are resistant to acid. (rCorr)
You have claws for feet.


Message History

Your adder barely misses the orc warrior.
You hit the orc warrior but do no damage.
Your kick misses the orc warrior.
The orc warrior is lightly wounded.
Your adder bites the orc warrior but does no damage.
The orc warrior hits you with a +0 trident!
* * * LOW HITPOINT WARNING * * *
Your adder bites the orc warrior but does no damage.
The orc warrior closely misses you.
Your adder bites the orc warrior but does no damage.
The orc warrior hits your adder with a +0 trident!
Your adder dies!
Casting: Sticks to Snakes (safe; 2% risk of failure)
Confirm with . or Enter, or press ? or * to list all spells.
You create a snake!
You now have 23 arrows.
Casting: Sticks to Snakes (safe; 2% risk of failure)
Confirm with . or Enter, or press ? or * to list all spells.
You create a snake!
You now have 22 arrows.
The orc warrior hits you from afar with a +0 trident!
You die...

#####...(.# ##...## ##.. #..####
##.....###.....###... #...###
#.......#...)...#...[ #.....#
#.......#.......#.... #(....#
#.......#.......#.... ####.(...#
##.....###.....###... ##....#..##
##...## #.o.# ##.. ...##.#...#
####'#######'#######÷ #####.#.#.#
#.S.@So..............
......#.#(###........†...........
#######.#....)...................
#.##.#####'#######'#######) ##
#.##.(###...## #...# ##.. (#
#.###(##.....###.....###... .#
#.# #.#.......#...l...#....
.######.# #.#.......#.......#....
......#.# #.#.......#.. ..#....


You could see an orc warrior, a friendly adder and a friendly ball python.

Vanquished Creatures
  Sigmund (D:3)
  A black bear (D:6)
  An ice beast (D:6)
  A phantom (D:5)
  An ogre (D:3)
  A bullfrog (D:6)
  A scorpion (D:6)
  2 crimson imps
  5 hounds
  A jelly (D:6)
  4 orc priests
  A gnoll shaman (D:6)
  7 orc wizards
  An iguana (D:4)
  Ijyb (D:3)
  Terence (D:3)
  A worker ant (D:3)
  Robin (D:2)
  3 gnolls
  12 adders
  4 river rats
  2 worms
  3 leopard geckos
  12 orcs
  3 bats
  5 giant cockroaches
  15 goblins
  11 hobgoblins
  6 jackals
  6 quokkas
  2 ball pythons
  15 frilled lizards
  2 kobolds
  11 rats
144 creatures vanquished.

Vanquished Creatures (collateral kills)
  An orc wizard (D:4)
  A gnoll (D:5)
  An adder (D:3)
  A worm (D:4)
  5 orcs
  A giant cockroach (D:3)
  A bat (D:2)
  A rat (D:3)
12 creatures vanquished.

Grand Total: 156 creatures vanquished

Notes
Turn   | Place    | Note
-------+----------+-------------------------------------------
     0 | D:1      | Lanoc the Draconian Transmuter began the quest for the Orb.
     0 | D:1      | Reached XP level 1. HP: 16/16 MP: 3/3
   293 | D:1      | Reached XP level 2. HP: 10/23 MP: 1/5
   300 | D:1      | Learned a level 2 spell: Sticks to Snakes
  1484 | D:2      | Reached XP level 3. HP: 25/29 MP: 4/6
  1894 | D:2      | Noticed Robin
  1922 | D:2      | Reached XP level 4. HP: 26/36 MP: 5/7
  1934 | D:2      | Killed Robin
  2627 | D:3      | Noticed Terence
  2638 | D:3      | Killed Terence
  2638 | D:3      | Reached XP level 5. HP: 27/41 MP: 2/8
  2719 | D:3      | Found a glowing drain.
  2764 | D:3      | Learned a level 3 spell: Spider Form
  2858 | Sewer    | Entered a sewer
  3267 | D:3      | Found a transporter.
  3299 | D:3      | Noticed MisterFreud's ghost (amateur GrMo)
  3305 | D:3      | Found a transporter.
  3484 | D:3      | Noticed Ijyb
  3513 | D:3      | Killed Ijyb
  3513 | D:3      | Reached XP level 6. HP: 41/50 MP: 4/9
  3596 | D:3      | Noticed Sigmund
  3650 | D:3      | Killed Sigmund
  4136 | D:4      | Noticed an air elemental
  4145 | D:4      | Found a stormy altar of Qazlal.
  4148 | D:4      | Noticed a fire elemental
  4148 | D:4      | Noticed a water elemental
  4216 | D:4      | Reached skill level 5 in Unarmed Combat
  4310 | D:3      | Your scales start taking on a golden yellow colour.
  4310 | D:3      | Reached XP level 7. HP: 7/57 MP: 5/10
  4310 | D:3      | Gained mutation: You are resistant to acid. (rCorr) [Yellow
                  | Draconian growth]
  5046 | D:4      | Reached skill level 5 in Transmutations
  5384 | D:5      | Entered Level 5 of the Dungeon
  6190 | D:5      | Found Peox's Distillery.
  6198 | D:5      | Bought a potion of heal wounds for 70 gold pieces
  6198 | D:5      | Bought a potion of ambrosia for 112 gold pieces
  6373 | D:5      | Reached XP level 8. HP: 37/66 MP: 8/11
  7898 | D:6      | Mangled by an orc warrior

Illustrated notes

Levels and vault maps discovered:
D:1:      lemuel_arrival_tunnels, layout_basic
D:2:      layout_basic, chequers_decorated_corner, uniq_robin
D:3:      layout_basic, portal_sewer_entry_b, gammafunk_ghost_stat_death,
          uniq_ijyb, uniq_sigmund, uniq_terence
D:4:      layout_rooms, first_ration, nicolae_qazlal_style_of_elements
D:5:      layout_loops_ring, serial_shops, shop
D:6:      kennysheep_six_static_rooms, layout_basic,
          minmay_temple_entry_nine_rooms

Skill      XL: |  1  2  3  4  5  6  7  8 |
---------------+-------------------------+-----
Dodging        | 2 3 4 |  4.3
Fighting       | 2 3 4 |  4.9
Transmutations | 3 4 5 6 |  6.5
Unarmed Combat | 4 5 6 |  6.9
Spellcasting   | |  2.0

Action                   |  1- 3 |  4- 6 |  7- 9 || total
-------------------------+-------+-------+-------++-------
Melee: Unarmed           |   115 |   182 |   305 ||   602
       Tailslap          |    10 |    20 |    23 ||    53
       Kick              |    11 |    14 |    39 ||    64
       Headbutt          |     4 |     9 |    18 ||    31
       Punch             |     1 |     5 |     7 ||    13
 Cast: Beastly Appendage |    21 |    33 |    39 ||    93
       Sticks to Snakes  |       |    14 |    21 ||    35
  Use: Potion            |       |     8 |       ||     8
       Scroll            |       |       |     3 ||     3
 Stab: Distracted        |       |       |     1 ||     1
  Eat: Chunk             |     4 |     9 |    14 ||    27
Armor: Skin              |    40 |    85 |    81 ||   206
Dodge: Dodged            |    68 |   139 |   169 ||   376
Block: Other             |       |       |    40 ||    40
       Reflection        |       |       |     2 ||     2
